 Dungeon Crawl Stone Soup version 0.19.0-18-g426998a (webtiles) character file.

2753 JeffiDaFish the Basher (level 9, -8/56 HPs)
             Began as a Gargoyle Fighter on Nov 11, 2016.
             Was a Believer of Makhleb.
             Killed from afar by a lich (42 damage)
             ... with a bolt of fire
             ... on level 1 of the Abyss.
             The game lasted 00:22:12 (5973 turns).

JeffiDaFish the Basher (Gargoyle Fighter)           Turns: 5973, Time: 00:22:12

Health: -8/56      AC: 28    Str: 22    XL:     9   Next: 68%
Magic:  10/10      EV:  7    Int:  9    God:    Makhleb [**....]
Gold:   343        SH: 11    Dex: 12    Spells: 1 memorised, 5 levels left

rFire  . . .     SeeInvis +     n - +2 whip (elec)
rCold  . . .     Gourm    .     l - +0 plate armour
rNeg   + . .     Faith    .     c - +0 shield
rPois  ∞         Spirit   .     D - +0 helmet {SInv}
rElec  +         Reflect  .     p - +1 cloak
rCorr  .         Harm     .     z - +0 pair of gloves
MR     .....                    k - +0 pair of boots
Stlth  ..........               (no amulet)
                                q - +4 ring of protection
                                v - +1 ring of evasion

@: about to teleport
A: agile 1, negative energy resistance 1, electricity resistance, unbreathing,
petrification resistance, rot immunity, AC +5
a: Minor Destruction, Renounce Religion


You were on level 1 of the Abyss.
You worshipped Makhleb.
Makhleb was pleased with you.
You were not hungry.

You visited 1 branch of the dungeon, and saw 8 of its levels.
You visited the Abyss 1 time.
You also visited: Ossuary.

You collected 469 gold pieces.
You spent 126 gold pieces at shops.

Inventory:

Hand Weapons
 a - a +1 flail of draining
 n - a +2 whip of electrocution (weapon)
Armour
 c - a +0 shield (worn)
 k - a +0 pair of boots (worn)
 l - a +0 plate armour (worn)
 p - a +1 cloak (worn)
 z - a +0 pair of gloves (worn)
 D - a +0 helmet of see invisible (worn)
Jewellery
 q - a +4 ring of protection (right hand)
 v - a +1 ring of evasion (left hand)
Wands
 b - a wand of hasting (8/9)
Scrolls
 e - 7 scrolls of identify
 j - 4 scrolls of remove curse
 o - 3 scrolls of amnesia
Potions
 d - 8 potions of curing
 r - a potion of ambrosia
 s - 3 potions of magic
 w - a potion of cure mutation
 x - a potion of heal wounds
 A - a potion of flight
Books
 B - a Young Poisoner's Handbook

   Spells                             Type                      Level
   a - Sting                          Conjuration/Poison           1
   b - Mephitic Cloud                 Conjuration/Poison/Air       3
   c - Olgreb's Toxic Radiance        Poison                       4
   d - Alistair's Intoxication        Transmutation/Poison         5
   e - Venom Bolt                     Conjuration/Poison           5
Comestibles
 f - 3 bread rations
 g - 2 fruits
 h - a meat ration
 m - a royal jelly
 t - 5 chunks of flesh


   Skills:
 * Level 6.4 Fighting
 * Level 8.3 Maces & Flails
 * Level 6.5 Armour
 - Level 2.1 Dodging
 - Level 0.8 Stealth
 * Level 7.4 Shields
 + Level 1.0 Spellcasting
 + Level 0.7 Conjurations
 + Level 0.6 Poison Magic


You had 5 spell levels left.
You knew the following spells:

 Your Spells              Type           Power        Failure   Level  Hunger
a - Venom Bolt            Conj/Pois      #.........   100%        5    ######.


Dungeon Overview and Level Annotations

Branches:
Dungeon (8/15)             Temple (0/1) D:4
   Lair: D:8-11

Altars:
Elyvilon
Gozag
Hepliaklqana
Makhleb
Nemelex Xobeh
Sif Muna

Shops:
D:7 [

Annotations:
D:8 Psyche


Innate Abilities, Weirdness & Mutations

You are resistant to torment.
Your stone body is resilient. (AC +5)
You are immune to poison.
You resist negative energy. (rN+)
You are resistant to electric shocks. (rElec)
You can survive without breathing.
You are immune to petrification.
You are immune to rotting.
You are agile. (Dex +2)


Message History

The lich touches you but does no damage.
Your plate armour prevents you from hitting the tormentor.
The tormentor is lightly wounded.
The tormentor calls on the powers of darkness!
Your body is wracked with pain!
You block the ancient zyme's attack. x2
You hit the tormentor but do no damage.
The tormentor is lightly wounded.
You block the lich's attack.
The tormentor calls on the powers of darkness!
Your body is wracked with pain!
You block the ancient zyme's attack.
The ancient zyme hits you but does no damage.
As you read the scroll of teleportation, it crumbles to dust.
You feel strangely unstable.
You feel the power of the Abyss delaying your translocation!
The tormentor closely misses you.
The tormentor hits you but does no damage.
The lich gestures at you while chanting.
The bolt of fire hits you!
Ouch! That really hurt!
You die...

. ##.. ..
..#... ####..
.....# .#.#..
#.#....##.....#
....#..........
### ......#.##
.#...#.........
.......2.......
#....∩x@.####..
.#.....#L# .
.....#. .#.
.##..## ....#
#.#.. ......
..## .....#. .#
.#..... ...####


You could see a lich, an ancient zyme and a tormentor.

Vanquished Creatures
  Pikel (D:4)
  A hippogriff (D:7)
  Sigmund (D:2)
  An ice beast (D:8)
  A phantom (D:4)
  A necrophage (D:7)
  3 ogres
  2 centaurs (D:6)
  3 bullfrogs
  6 scorpions
  A howler monkey (D:6)
  An orc priest (D:3)
  Crazy Yiuf (D:4)
  2 hounds
  4 orc wizards
  2 centaur skeletons
  Ijyb (D:2)
  4 worker ants
  A big kobold zombie (Ossuary)
  4 mummies (Ossuary)
  A worker ant zombie (D:6)
  5 adders
  7 gnolls
  A shadow imp (D:6)
  2 oozes
  2 adder zombies
  An adder skeleton (D:6)
  2 worms (D:2)
  4 dart slugs
  4 leopard geckos
  14 orcs
  6 bats
  4 giant cockroaches
  4 hobgoblins
  19 jackals
  4 kobolds
  2 ball pythons (D:3)
  6 frilled lizards
  A gnoll zombie (Ossuary)
  11 goblins
  A goblin zombie (Ossuary)
  2 hobgoblin zombies (Ossuary)
  2 kobold zombies (Ossuary)
  An orc zombie (Ossuary)
  2 quokka skeletons
  A quokka zombie (D:7)
  11 rats
  3 rat zombies (Ossuary)
  A fungus (D:4)
165 creatures vanquished.

Notes
Turn   | Place    | Note
-------+----------+-------------------------------------------
     0 | D:1      | JeffiDaFish the Gargoyle Fighter began the quest for the Orb.
     0 | D:1      | Reached XP level 1. HP: 14/14 MP: 1/1
   106 | D:1      | Reached XP level 2. HP: 19/19 MP: 2/2
   269 | D:1      | Reached XP level 3. HP: 16/23 MP: 3/3
   965 | D:2      | Found a sparkling altar of Nemelex Xobeh.
   972 | D:2      | Reached XP level 4. HP: 27/29 MP: 4/4
   988 | D:2      | Gained mutation: You are agile. (Dex +2) [potion of mutation]
   988 | D:2      | Gained mutation: You passively map a small area around you. [potion of mutation]
  1025 | D:2      | Noticed Sigmund
  1058 | D:2      | Killed Sigmund
  1058 | D:2      | Reached skill level 4 in Maces & Flails
  1058 | D:2      | Reached XP level 5. HP: 19/33 MP: 5/5
  1058 | D:2      | Reached XP level 6. HP: 22/38 MP: 6/6
  1291 | D:2      | Noticed Ijyb
  1292 | D:2      | Found a faded altar of an unknown god.
  1310 | D:2      | Killed Ijyb
  2392 | D:3      | Found a burning altar of Makhleb.
  2400 | D:3      | Became a worshipper of Makhleb the Destroyer
  2431 | D:3      | Reached skill level 1 in Dodging
  2870 | D:4      | Reached XP level 7. HP: 16/43 MP: 7/7
  3107 | D:4      | Reached skill level 5 in Shields
  3275 | D:4      | Found a staircase to the Ecumenical Temple.
  3275 | D:4      | Noticed Pikel
  3297 | D:4      | Killed Pikel
  3297 | D:4      | Reached skill level 5 in Maces & Flails
  3297 | D:4      | Reached skill level 5 in Armour
  3297 | D:4      | Reached XP level 8. HP: 16/48 MP: 8/8
  3355 | D:4      | Reached skill level 6 in Maces & Flails
  3505 | D:4      | Found a hazy altar of Hepliaklqana.
  3643 | D:4      | Reached * piety under Makhleb
  3643 | D:4      | Reached skill level 5 in Fighting
  3809 | D:4      | Found a runed door.
  3813 | D:4      | Noticed Crazy Yiuf
  3817 | D:4      | Killed Crazy Yiuf
  3880 | D:5      | Entered Level 5 of the Dungeon
  3988 | D:5      | Found a sand-covered staircase.
  4007 | Ossuary  | Entered an ossuary
  4323 | D:5      | Reached ** piety under Makhleb
  4405 | D:5      | Lost mutation: You passively map a small area around you. [potion of cure mutation]
  4799 | D:6      | Reached skill level 7 in Maces & Flails
  4810 | D:6      | Reached XP level 9. HP: 55/55 MP: 9/9
  4947 | D:6      | Found a deep blue altar of Sif Muna.
  5166 | D:7      | Found a burning altar of Makhleb.
  5381 | D:7      | Learned a level 5 spell: Venom Bolt
  5384 | D:7      | Found Awijude's Armour Shop.
  5388 | D:7      | Reached skill level 8 in Maces & Flails
  5417 | D:7      | Found an opulent altar of Gozag.
  5420 | D:7      | Got a scorched hat
  5426 | D:7      | Identified the +1 hat of the Foremost Ghosts {+Fly rF+ MR+} (You found it on level 7 of the Dungeon)
  5485 | D:7      | Bought a +0 helmet of see invisible for 126 gold pieces
  5786 | D:8      | Found a white marble altar of Elyvilon.
  5817 | D:8      | Noticed Psyche
  5855 | D:8      | Reached skill level 1 in Spellcasting
  5919 | D:8      | Cast into level 1 of the Abyss (Psyche)
  5964 | Abyss:1  | Noticed an ancient zyme
  5965 | Abyss:1  | Noticed a lich
  5967 | Abyss:1  | Noticed a tormentor
  5973 | Abyss:1  | Killed from afar by a lich

Skill      XL: |  1  2  3  4  5  6  7  8  9 |
---------------+----------------------------+-----
Shields        | 4 5 6 7 |  7.4
Fighting       | 4 5 6 |  6.4
Maces & Flails | 4 5 7 8 |  8.3
Armour         | 4 5 6 |  6.5
Dodging        | 1 2 |  2.1
Spellcasting   | 1 |  1.0
Stealth        | |  0.8
Conjurations   | |  0.7
Poison Magic   | |  0.6

Action                   |  1- 3 |  4- 6 |  7- 9 || total
-------------------------+-------+-------+-------++-------
Melee: Flail             |   144 |   243 |    44 ||   431
       Whip              |       |       |   324 ||   324
  Use: Scroll            |     4 |     6 |    10 ||    20
       Potion            |     3 |     3 |     7 ||    13
 Stab: Sleeping          |       |       |     1 ||     1
  Eat: Chunk             |       |     7 |    11 ||    18
Armor: Scale mail        |    68 |       |       ||    68
       Chain mail        |    21 |   186 |   167 ||   374
       Plate armour      |       |       |    18 ||    18
Dodge: Dodged            |    50 |    67 |    91 ||   208
Block: Shield            |    77 |   186 |   215 ||   478
